 Dungeon Crawl Stone Soup version 0.16.0-17-g811c1d7 (webtiles) character file.

4179 maniek23 the Covert (level 10, -4/68 HPs)
             Began as a Vampire Enchanter on Mar 20, 2015.
             Was a Believer of Sif Muna.
             Slain by a hill giant
             ... wielding a +0 giant club
              (14 damage)
             ... on level 10 of the Dungeon.
             The game lasted 00:54:41 (9716 turns).

maniek23 the Covert (Vampire Enchanter)             Turns: 9716, Time: 00:54:42

Health: -4/68      AC:  9    Str: 12    XL:     10   Next: 8%
Magic:  2/23       EV: 17    Int: 21    God:    Sif Muna [**....]
Gold:   453        SH:  0    Dex: 24    Spells: 6 memorised, 5 levels left

rFire  x . .     SeeInvis +     C - +2 dagger of Fedhas' Hatred {flame, rF- Str+3 Int+4 Dex+3 Stlth+}
rCold  + . .     Clarity  .     b - +1 robe
rNeg   + . .     SustAb   .     (no shield)
rPois  .         Gourm    .     g - +2 hat
rElec  .         Spirit   .     v - +1 cloak
rCorr  .         Warding  .     D - +1 pair of gloves
rMut   .         Rnd*Tele +     (no boots)
MR     +....                    K - amulet of rage
Stlth  +++++++...               O - ring "Quorghedgh" {+/*Tele Dex+6}
                                o - ring of protection from cold (curse)

@: about to teleport, somewhat resistant to hostile enchantments, extremely
stealthy
A: bottle blood, fangs 3, see invisible, unbreathing
a: Bat Form, Channel Energy, Forget Spell, Renounce Religion, Evoke Berserk
Rage, Evoke Teleportation


You were on level 10 of the Dungeon.
You worshipped Sif Muna.
Sif Muna was pleased with you.
You were not thirsty.

You visited 2 branches of the dungeon, and saw 11 of its levels.

You collected 453 gold pieces.

Inventory:

Hand weapons
 a - a +1 dagger
 m - a +0 hand crossbow
 p - a +2 dagger of draining
 C - the +2 dagger of Fedhas' Hatred (weapon) {flame, rF- Str+3 Int+4 Dex+3 Stlth+}
   (You found it on level 6 of the Dungeon)

   It has been specially enchanted to burn those struck by it, causing extra
   injury to most foes and up to half again as much damage against particularly
   susceptible opponents.
   It affects your strength (+3).
   It affects your intelligence (+4).
   It affects your dexterity (+3).
   It makes you vulnerable to fire.
   It makes you more stealthy.
 E - a +0 short sword of draining
 H - a cursed -3 dagger
 J - a +1 rapier of draining
 N - a +0 dagger of venom
Missiles
 B - 8 silver tomahawks (quivered)
 Q - a throwing net
Armour
 b - a +1 robe (worn)
 e - a +0 pair of gloves
 g - a +2 hat (worn)
 v - a +1 cloak (worn)
 y - a cursed +0 robe
 D - a +1 pair of gloves (worn)
Jewellery
 o - a cursed ring of protection from cold (left hand)
 A - an uncursed ring of fire
 K - an amulet of rage (around neck)
 O - the ring "Quorghedgh" (right hand) {+/*Tele Dex+6}
   (You found it on level 8 of the Dungeon)

   [ring of teleportation]

   It causes random teleportation, and can be evoked to teleport at will.
   It affects your dexterity (+6).
Magical devices
 s - a wand of lightning (5)
 z - a wand of frost (26)
 F - a wand of lightning (8)
 I - a wand of digging (8)
Scrolls
 f - 2 scrolls of teleportation
 i - a scroll of enchant armour {unknown}
 l - 2 scrolls of blinking {unknown}
 r - a scroll of identify
 G - a scroll of magic mapping {unknown}
 L - a scroll of enchant weapon {unknown}
 M - a scroll of remove curse
 P - 2 scrolls of recharging {unknown}
Potions
 d - 10 potions of blood
 h - 2 potions of magic
 j - a potion of flight
 k - a potion of agility
 n - a potion of curing {unknown}
 t - 2 potions of haste {unknown}
 u - 5 potions of heal wounds {unknown}
 x - a potion of poison {unknown}
Books
 c - a book of Maledictions

   Spells                             Type                      Level
   a - Corona                         Hexes                        1
   b - Sure Blade                     Hexes/Charms                 2
   c - Ensorcelled Hibernation        Hexes/Ice                    2
   d - Confuse                        Hexes                        3
   e - Dazzling Spray                 Conjuration/Hexes            3
   f - Enslavement                    Hexes                        4
 q - a book of Air

   Spells                             Type                      Level
   a - Shock                          Conjuration/Air              1
   b - Swiftness                      Charms/Air                   2
   c - Repel Missiles                 Charms/Air                   2
   d - Flight                         Charms/Air                   3
   e - Static Discharge               Conjuration/Air              3
   f - Lightning Bolt                 Conjuration/Air              5
 w - a book of Clouds

   Spells                             Type                      Level
   a - Mephitic Cloud                 Conjuration/Poison/Air       3
   b - Conjure Flame                  Conjuration/Fire             3
   c - Poisonous Cloud                Conjuration/Poison/Air       6
   d - Freezing Cloud                 Conjuration/Ice/Air          6
   e - Ring of Flames                 Charms/Fire                  7
Miscellaneous
 R - a plain deck of summoning


   Skills:
 + Level 2.6 Fighting
 * Level 4.8 Short Blades
 + Level 5.4 Dodging
 + Level 12.1 Stealth
 + Level 0.2 Unarmed Combat
 + Level 5.9 Spellcasting
 + Level 0.5 Conjurations
 * Level 9.3 Hexes
 + Level 0.7 Charms
 * Level 4.5 Ice Magic
 + Level 2.3 Invocations
 * Level 1.0 Evocations


You had 5 spell levels left.
You knew the following spells:

 Your Spells              Type           Power        Failure   Level  Hunger
a - Corona                Hex            #####..      1%          1    None
b - Ensorcelled Hibernat  Hex/Ice        #####.       1%          2    None
c - Dazzling Spray        Conj/Hex       ####....     4%          3    ##.....
d - Sure Blade            Hex/Chrm       ####......   1%          2    None
e - Confuse               Hex            #####...     1%          3    ##.....
f - Enslavement           Hex            #####...     2%          4    ####...


Dungeon Overview and Level Annotations

Branches:
Dungeon (10/15)            Temple (1/1) D:5
   Lair: D:8-11         Orc: D:9-12

Altars:
Ashenzari
Cheibriados
Dithmenos
Elyvilon
Fedhas
Gozag
Kikubaaqudgha
Makhleb
Nemelex Xobeh
Okawaru
Qazlal
Ru
Sif Muna
Trog
Vehumet
Xom
Yredelemnul
Zin
The Shining One

Shops:
D:7 *

Annotations:
D:5 exclusion: oklob sapling


Innate Abilities, Weirdness & Mutations

You can bottle blood from corpses.
You have razor-sharp teeth.
You have supernaturally acute eyesight.
You can survive without breathing.


Message History

Aiming: Ensorcelled Hibernation
Press: ? - help, Shift-Dir - straight line, f - hill giant
Aim: a hill giant, wielding a giant club (chance 46%)
The hill giant resists with some effort.
The hill giant completely misses you.
Casting: Ensorcelled Hibernation
Confirm with . or Enter, or press ? or * to list all spells.
Aiming: Ensorcelled Hibernation
Press: ? - help, Shift-Dir - straight line, f/p - hill giant
Aim: a hill giant, wielding a giant club (chance 46%)
The hill giant resists with some effort.
You open the door.
The hill giant hits you with a giant club!!
* * * LOW HITPOINT WARNING * * *
There is an open door here.
Read which item? (? for menu, Esc to quit)
As you read the scroll of teleportation, it crumbles to dust.
You feel strangely unstable.
The hill giant hits you with a giant club!
You die...

......... .
#......######+#....
#......#......#.....
#......†......+......
#......#.†....#.......
#......#.....##.......
#......#.....#........
#......#.....#.........
#....y.#.....C@........
#..y...#######.........
#...........y.......##
#...............$...#
#........y..........#
#...................#
#...................
#..........###.....y
#..........# #......


You could see a hill giant.

Vanquished Creatures
  A troll (D:9)
  Edmund (D:4)
  A water moccasin (D:7)
  A sky beast (D:7)
  3 orc warriors
  3 ogres
  2 black bears
  2 ice beasts
  A centaur (D:8)
  A big kobold (D:8)
  A gnoll sergeant (D:7)
  6 giant frogs
  A wyvern skeleton (D:6)
  2 scorpions (D:5)
  11 killer bees
  3 wights (D:6)
  A vampire bat (D:5)
  3 crimson imps
  A giant frog zombie (D:5)
  3 jellies
  An orc priest (D:6)
  4 hounds
  2 centaur skeletons (D:9)
  2 giant frog skeletons (D:8)
  3 orc wizards
  10 worker ants
  4 iguanas
  A hound zombie (D:6)
  2 mummies
  12 gnolls
  16 adders
  A shadow imp (D:6)
  A giant mite (D:9)
  4 worms
  An adder zombie (D:5)
  An adder skeleton (D:6)
  8 giant geckos
  22 orcs
  29 bats
  A bat skeleton (D:4)
  6 giant cockroaches
  13 goblins
  12 hobgoblins
  5 quokkas
  A giant gecko skeleton (D:9)
  A giant gecko zombie (D:5)
  8 giant newts
  11 jackals
  19 kobolds
  13 rats
  A plant (D:5)
263 creatures vanquished.

Notes
Turn   | Place    | Note
--------------------------------------------------------------
     0 | D:1      | maniek23, the Vampire Enchanter, began the quest for the Orb.
     0 | D:1      | Reached XP level 1. HP: 13/13 MP: 3/3
   128 | D:1      | Reached skill level 5 in Stealth
   128 | D:1      | Reached XP level 2. HP: 19/19 MP: 4/4
   235 | D:1      | Learned a level 2 spell: Ensorcelled Hibernation
   412 | D:1      | Reached skill level 5 in Hexes
   728 | D:2      | Reached XP level 3. HP: 23/25 MP: 6/6
   908 | D:2      | You fall through a shaft for 2 floors!
   911 | D:4      | Reached XP level 4. HP: 28/31 MP: 7/7
  1135 | D:3      | Reached skill level 1 in Fighting
  1275 | D:3      | Reached skill level 6 in Stealth
  1275 | D:3      | Reached XP level 5. HP: 21/37 MP: 1/9
  1745 | D:2      | Found an opulent altar of Gozag.
  1818 | D:3      | Reached skill level 1 in Ice Magic
  2381 | D:3      | Reached skill level 7 in Stealth
  2392 | D:3      | Reached XP level 6. HP: 19/43 MP: 2/11
  3281 | D:4      | Noticed Edmund
  3287 | D:4      | Killed Edmund
  3424 | D:5      | Entered Level 5 of the Dungeon
  3425 | D:5      | Reached XP level 7. HP: 48/48 MP: 14/14
  3525 | D:5      | Reached skill level 8 in Stealth
  3572 | D:5      | Found a staircase to the Ecumenical Temple.
  3856 | Temple   | Entered the Ecumenical Temple
  4199 | Temple   | Became a worshipper of Sif Muna the Loreminder
  4460 | D:5      | Learned a level 3 spell: Dazzling Spray
  4996 | D:6      | Reached skill level 9 in Stealth
  5092 | D:6      | Reached XP level 8. HP: 55/55 MP: 14/17
  5270 | D:6      | Learned a level 2 spell: Sure Blade
  5290 | D:6      | Got a faintly glowing dagger
  5292 | D:6      | Identified the +2 dagger of Fedhas' Hatred {flame, rF- Str+3 Int+4 Dex+3 Stlth+} (You found it on level 6 of the Dungeon)
  5338 | D:6      | Learned a level 3 spell: Confuse
  5714 | D:6      | Acquired Sif Muna's first power
  5756 | D:6      | Reached skill level 10 in Stealth
  6419 | D:7      | Reached skill level 5 in Dodging
  6550 | D:7      | Reached skill level 5 in Spellcasting
  6550 | D:7      | Reached XP level 9. HP: 50/61 MP: 2/21
  6554 | D:7      | Reached skill level 11 in Stealth
  7074 | D:7      | Found Frukhom's Serpentskin Sales.
  7834 | D:8      | Reached skill level 1 in Invocations
  7946 | D:8      | Acquired Sif Muna's second power
  8037 | D:8      | Got a translucent marble ring
  8733 | D:9      | Found a shadowy altar of Dithmenos.
  8884 | D:8      | Reached skill level 12 in Stealth
  9072 | D:8      | Identified the ring "Quorghedgh" {+/*Tele Dex+6} (You found it on level 8 of the Dungeon)
  9079 | D:8      | Learned a level 4 spell: Enslavement
  9583 | D:9      | Reached XP level 10. HP: 53/68 MP: 23/23
  9652 | D:10     | Entered Level 10 of the Dungeon
  9660 | D:10     | Noticed a hill giant
  9696 | D:10     | Reached skill level 1 in Evocations
  9716 | D:10     | Slain by a hill giant

Action                   |  1- 3 |  4- 6 |  7- 9 | 10-12 || total
-------------------------+-------+-------+-------+-------++-------
Melee: Dagger            |    69 |    78 |   224 |    19 ||   390
       Short sword       |       |    77 |   193 |       ||   270
       Unarmed           |       |    10 |       |       ||    10
 Cast: Corona            |     4 |     2 |     5 |       ||    11
       Ensorcelled Hiber |     4 |    26 |    96 |     2 ||   128
       Dazzling Spray    |       |       |    13 |     8 ||    21
       Confuse           |       |       |    18 |       ||    18
       Sure Blade        |       |       |     5 |       ||     5
Invok: Channel Energy    |       |       |     5 |     1 ||     6
 Abil: End Transformatio |       |     1 |     8 |     1 ||    10
       Bat Form          |       |     1 |     8 |     1 ||    10
  Use: Scroll            |       |     8 |     3 |     1 ||    12
       Potion            |       |       |     9 |       ||     9
 Stab: Sleeping          |     5 |    35 |    75 |       ||   115
       Confused          |       |       |     7 |       ||     7
       Invisible         |       |       |     3 |     2 ||     5
       Distracted        |       |       |     1 |       ||     1
  Eat: Corpse            |     6 |     3 |    10 |       ||    19
